 Dungeon Crawl Stone Soup version 0.23-a0-313-gf30bb39dab (webtiles) character file.

13556 derval the Gelid (level 12, 0/86 HPs)
             Began as a Merfolk Ice Elementalist on Oct 12, 2018.
             Was a Believer of Ashenzari.
             Slain by a red ugly thing (24 damage)
             ... on level 11 of the Dungeon on Oct 13, 2018.
             The game lasted 00:41:22 (15505 turns).

derval the Gelid (Merfolk Ice Elementalist)        Turns: 15505, Time: 00:41:23

Health: 0/86       AC: 10    Str:  9    XL:     12   Next: 7%
Magic:  23/30      EV: 15    Int: 19    God:    Ashenzari [**....]
Gold:   779        SH:  5    Dex: 14    Spells: 11/23 levels left

rFire    x . .     SeeInvis .   E - +2 hand axe (chop)
rCold    + . .     Gourm    .   x - +0 buckler
rNeg     . . .     Faith    .   l - +0 steam dragon scales
rPois    .         Spirit   .   (no helmet)
rElec    .         Reflect  .   e - +2 cloak
rCorr    .         Harm     .   o - +0 pair of gloves
MR       .....                  H - +0 pair of boots
Stlth    ++........             z - amulet of magic regeneration (curse)
HPRegen  0.24/turn              a - ring of ice
MPRegen  0.47/turn              F - ring of magical power

@: no status effects
A: change form in water, swift swim, stealthy swim
a: Curse Item, Scrying, Renounce Religion


You were on level 11 of the Dungeon.
You worshipped Ashenzari.
Ashenzari was pleased with you.
You were not hungry.

You visited 2 branches of the dungeon, and saw 12 of its levels.

You collected 779 gold pieces.

Inventory:

Hand Weapons
 f - a +2 long sword of holy wrath
 g - a +1 halberd of protection
 u - a +2 scythe of protection
 D - a +0 spear
 E - a +2 hand axe of chopping (weapon)
 K - a +0 trident of distortion
Missiles
 d - 339 stones (quivered)
 J - 24 sling bullets
Armour
 e - a +2 cloak (worn)
 l - +0 steam dragon scales (worn)
 m - a scarf of resistance
 o - a +0 pair of gloves (worn)
 x - a +0 buckler (worn)
 H - a +0 pair of boots (worn)
Jewellery
 a - a ring of ice (left hand)
 p - an uncursed ring of flight
 r - an uncursed ring of protection from fire
 v - a +5 ring of strength
 z - a cursed amulet of magic regeneration (around neck)
 F - a ring of magical power (right hand)
 I - an uncursed ring of protection from fire
 S - an uncursed amulet of harm
Wands
 C - a wand of disintegration (15)
 L - a wand of polymorph (8)
 M - a wand of random effects (26)
Scrolls
 h - 4 scrolls of teleportation {unknown}
 i - 2 scrolls of amnesia
 w - a scroll of immolation {unknown}
 y - 2 scrolls of magic mapping
 A - 2 scrolls of remove curse
 N - a scroll of random uselessness {unknown}
 O - 4 scrolls of enchant weapon {unknown}
 P - a scroll of torment {unknown}
 Q - a scroll of enchant armour {unknown}
 T - a scroll of identify
Potions
 b - 5 potions of curing
 j - 3 potions of heal wounds
 k - a potion of agility
 n - a potion of brilliance {unknown}
 q - 4 potions of haste
 s - 3 potions of lignification
 t - 3 potions of might {unknown}
 B - 2 potions of ambrosia {unknown}
 G - 3 potions of flight {unknown}
Comestibles
 c - 7 rations


   Skills:
 - Level 5.0 Fighting
 - Level 3.0 Polearms
 - Level 5.1 Dodging
 - Level 2.1 Stealth
 - Level 4.0 Shields
 + Level 6.0 Spellcasting
 - Level 2.0 Conjurations
 - Level 2.0 Charms
 * Level 16.7 Ice Magic


You had 11 spell levels left.
You knew the following spells:

 Your Spells              Type           Power        Failure   Level  Hunger
a - Freeze                Ice            ####         0%          1    None
b - Ozocubu's Armour      Chrm/Ice       ######..     1%          3    ##.....
c - Throw Icicle          Conj/Ice       ######..     2%          4    ####...
d - Summon Ice Beast      Ice/Summ       ######..     3%          4    ####...

Your spell library contained the following spells:

 Spells                   Type           Power        Failure   Level  Hunger
 Throw Frost              Conj/Ice       ######       1%          2    None
 Metabolic Englaciation   Hex/Ice        ######....   10%         5    #####..
 Confusing Touch          Hex            #.....       11%         1    None
 Confuse                  Hex            #.......     32%         3    ##.....
 Gell's Gravitas          Tloc           #.........   32%         3    ##.....
 Petrify                  Tmut/Erth      #.......     73%         4    ####...
 Yara's Violent Unravell  Hex/Tmut       #.........   97%         5    #####..


Dungeon Overview and Level Annotations

Branches:
Dungeon (11/15)            Temple (1/1) D:6            Lair (0/6) D:9
    Orc (0/2) D:10

Altars:
Ashenzari
Dithmenos
Elyvilon
Fedhas
Gozag
Hepliaklqana
Nemelex Xobeh
Okawaru
Qazlal
Sif Muna
Vehumet
Wu Jian
Zin
The Shining One

Shops:
D:7 [   D:10 !(?

Annotations:
D:8 3 runed doors, yrara's ghost, novice DsFi
D:11 3 runed doors, exclusion: obsidian statue, kroki's ghost, journeyman DDFi


Message History

Confirm with . or Enter, or press ? or * to list all spells.
Aiming: Throw Icicle (safe; 2% risk of failure)
Press: ? - help, Shift-Dir - straight line, f - red ugly thing
Aim: a red ugly thing (moderately wounded)
You feel a surge of power!
The shard of ice hits the red ugly thing.
The red ugly thing is heavily wounded.
The red ugly thing headbutts you but does no damage.
Casting: Throw Icicle (safe; 2% risk of failure)
Confirm with . or Enter, or press ? or * to list all spells.
Aiming: Throw Icicle (safe; 2% risk of failure)
Press: ? - help, Shift-Dir - straight line, f/p - red ugly thing
Aim: a red ugly thing (heavily wounded)
You feel a surge of power!
The shard of ice hits the red ugly thing.
The red ugly thing is severely wounded.
The red ugly thing headbutts you.
* * * LOW HITPOINT WARNING * * *
You are engulfed in flames!!
The fire burns you terribly!
You die...

#.# ##### #..##......#.##
#.########## ##.##......#..#
####.##.......# #..#....#....#
#....##.#####)# ##.#....###..#
#....##.#####.# #.#..........
#....##.##....# ###.#..........
#....##.....######..............
#....##.....#...##..............
##...........#.#@##......##......
.'.).......###.#u#####..###......
##.......### #.#.# ##.###......
......##.#####.#.# #..##......
...............#.. , ##.##......
..........)....###*, #..#......
#..........(...###* ##.#.....#
#..............))# #..###...
#.............)#.#* ##.###...


You could see a red ugly thing.

Vanquished Creatures
  Harold (D:8)
  2 two-headed ogres (D:11)
  Pikel (D:7)
  A manticore (D:11)
  2 centaur zombies (D:10)
  Joseph (D:8)
  An elephant (D:9)
  2 gargoyles (D:10)
  3 trolls
  3 hornets (D:11)
  A queen bee (D:9)
  3 hippogriffs
  Sigmund (D:2)
  A shadow (D:9)
  6 yaks
  Grum (D:8)
  5 hungry ghosts
  A two-headed ogre zombie (D:10)
  A water moccasin (D:10)
  4 ice beasts
  2 orc warriors
  A slave (D:6)
  A sky beast (D:7)
  A phantom (D:10)
  A necrophage (D:11)
  2 wolves (D:8)
  4 ogres
  2 centaurs
  A crocodile (D:9)
  2 big kobolds
  5 bullfrogs
  A water moccasin skeleton (D:5)
  2 scorpions
  11 killer bees (D:9)
  3 troll zombies (D:10)
  6 howler monkeys
  4 electric eels (D:10)
  4 wights
  A crimson imp (D:8)
  2 quasits
  A centaur skeleton (D:4)
  6 orc priests
  3 hounds
  2 jellies
  A bullfrog skeleton (D:8)
  An iguana (D:9)
  9 orc wizards
  10 worker ants
  4 ogre zombies (D:10)
  A hound skeleton (D:5)
  A worker ant zombie (D:6)
  14 gnolls
  A howler monkey skeleton (D:7)
  10 adders
  4 shadow imps
  An adder zombie (D:6)
  An adder skeleton (D:5)
  2 worms (D:3)
  3 dart slugs
  8 leopard geckos
  30 orcs
  2 ball pythons
  5 giant cockroaches
  7 goblins
  4 hobgoblins
  3 jackals (D:5)
  4 quokkas
  4 bats (D:1)
  5 frilled lizards
  2 goblin skeletons (D:10)
  3 goblin zombies (D:10)
  2 hobgoblin skeletons (D:10)
  2 hobgoblin zombies (D:10)
  12 kobolds
  A leopard gecko zombie (D:6)
  4 orc skeletons (D:10)
  10 orc zombies (D:10)
  11 rats
291 creatures vanquished.

Vanquished Creatures (collateral kills)
  A crocodile (D:9)
  12 killer bees (D:9)
  A howler monkey (D:11)
14 creatures vanquished.

Vanquished Creatures (others)
  3 slaves
  An eye of draining (D:8)
  A centaur (D:8)
  An orc (D:8)
  5 toadstools (D:1)
11 creatures vanquished.

Grand Total: 316 creatures vanquished

Notes
Turn   | Place    | Note
-------+----------+-------------------------------------------
     0 | D:1      | derval the Merfolk Ice Elementalist began the quest for the
                  | Orb.
     0 | D:1      | Reached XP level 1. HP: 13/13 MP: 3/3
   450 | D:1      | Reached XP level 2. HP: 19/19 MP: 3/5
   711 | D:1      | Reached skill level 4 in Ice Magic
  1080 | D:1      | Reached XP level 3. HP: 24/24 MP: 2/6
  1833 | D:2      | Noticed Sigmund
  1878 | D:2      | Learned a level 3 spell: Ozocubu's Armour
  2187 | D:3      | Reached XP level 4. HP: 27/30 MP: 2/7
  2520 | D:3      | Noticed an ogre
  2665 | D:2      | Killed Sigmund
  2665 | D:2      | Reached skill level 5 in Dodging
  2665 | D:2      | Reached skill level 6 in Ice Magic
  2665 | D:2      | Reached XP level 5. HP: 22/35 MP: 1/8
  2665 | D:2      | Reached XP level 6. HP: 26/41 MP: 1/9
  3443 | D:3      | Reached skill level 1 in Polearms
  3794 | D:4      | Reached skill level 1 in Shields
  4258 | D:4      | Reached XP level 7. HP: 46/46 MP: 4/10
  4364 | D:4      | Reached skill level 7 in Ice Magic
  4397 | D:5      | Entered Level 5 of the Dungeon
  4857 | D:4      | Found a sparkling altar of Nemelex Xobeh.
  5055 | D:4      | Found a shattered altar of Ashenzari.
  5266 | D:4      | Found a deep blue altar of Sif Muna.
  5433 | D:5      | Found a shadowy altar of Dithmenos.
  5472 | D:4      | Became a worshipper of Ashenzari the Shackled
  5596 | D:5      | Reached skill level 8 in Ice Magic
  5870 | D:5      | Reached XP level 8. HP: 47/52 MP: 9/11
  5944 | D:5      | Found a hazy altar of Hepliaklqana.
  6074 | D:5      | Learned a level 4 spell: Throw Icicle
  6108 | D:6      | Found an ornate altar of the Wu Jian Council.
  6108 | D:6      | Found a stormy altar of Qazlal.
  6113 | D:6      | Reached skill level 1 in Conjurations
  6117 | D:6      | Found an iron altar of Okawaru.
  6155 | D:6      | Found a shadowy altar of Dithmenos.
  6199 | D:6      | Reached skill level 1 in Charms
  6533 | D:6      | Found a staircase to the Ecumenical Temple.
  6562 | Temple   | Entered the Ecumenical Temple
  6659 | D:6      | Reached skill level 9 in Ice Magic
  6985 | D:6      | Reached * piety under Ashenzari
  7390 | D:6      | Upgraded the game from 0.23-a0-310-gdcc7a326bf to
                  | 0.23-a0-313-gf30bb39dab
  7959 | D:7      | Reached skill level 10 in Ice Magic
  7960 | D:7      | Reached XP level 9. HP: 49/57 MP: 12/12
  8288 | D:7      | Found Irghiw Tino's Armour Boutique.
  8539 | D:8      | Noticed Joseph
  8566 | D:7      | Reached skill level 11 in Ice Magic
  8949 | D:8      | Killed Joseph
  9078 | D:8      | Noticed Harold
  9113 | D:8      | Noticed Pikel
  9114 | D:8      | Killed Harold
  9114 | D:8      | Reached skill level 12 in Ice Magic
  9115 | D:8      | HP: 2/57 [centaur/arrow (9)]
  9389 | D:7      | Killed Pikel
  9389 | D:7      | Reached skill level 13 in Ice Magic
  9389 | D:7      | Reached XP level 10. HP: 63/63 MP: 13/13
  9500 | D:8      | Reached skill level 1 in Fighting
  9503 | D:8      | Noticed Grum
  9505 | D:8      | Killed Grum
  9667 | D:8      | Found a glowing golden altar of the Shining One.
  9714 | D:8      | Found a runed gate.
  9714 | D:8      | Found a runed gate.
  9714 | D:8      | Found a runed gate.
  9718 | D:8      | Noticed yrara's ghost (novice DsFi)
 10801 | D:9      | Learned a level 4 spell: Summon Ice Beast
 10854 | D:9      | Found a staircase to the Lair.
 11070 | D:9      | Reached skill level 14 in Ice Magic
 11326 | D:9      | Noticed an elephant
 11343 | D:9      | Killed an elephant
 11944 | D:9      | Reached XP level 11. HP: 59/77 MP: 17/17
 12100 | D:9      | Found a radiant altar of Vehumet.
 12181 | D:10     | Entered Level 10 of the Dungeon
 12432 | D:10     | Reached ** piety under Ashenzari
 12623 | D:10     | Found Faprapleq's Antique Weapon Emporium.
 12629 | D:10     | Found a staircase to the Orcish Mines.
 12731 | D:10     | Reached skill level 5 in Fighting
 13037 | D:10     | Reached skill level 15 in Ice Magic
 13216 | D:10     | Reached skill level 5 in Spellcasting
 13937 | D:10     | Found Annes's Magic Scroll Shop.
 14133 | D:10     | Found Doodeo's Distillery.
 14265 | D:11     | Noticed a manticore
 14288 | D:11     | Killed a manticore
 14288 | D:11     | Reached skill level 16 in Ice Magic
 14356 | D:11     | Noticed a two-headed ogre
 14369 | D:11     | Killed a two-headed ogre
 14400 | D:11     | Found a runed gate.
 14400 | D:11     | Found a runed gate.
 14400 | D:11     | Found a runed gate.
 14403 | D:11     | Noticed a stone giant
 14406 | D:11     | Noticed a manticore
 14409 | D:11     | Found an opulent altar of Gozag.
 14409 | D:11     | Noticed an obsidian statue
 14409 | D:11     | Noticed kroki's ghost (journeyman DDFi)
 14493 | D:11     | Paralysed by a hornet for 2 turns
 15308 | D:11     | Noticed a two-headed ogre
 15318 | D:11     | Reached XP level 12. HP: 86/86 MP: 16/20
 15326 | D:11     | Killed a two-headed ogre
 15505 | D:11     | Slain by a red ugly thing

Vault maps used:
D:1:      dpeg_arrival_three_same_balls, st_stairs_5, minmay_gold_behind_fungi
D:2:      uniq_sigmund
D:3:      serial_bayou_pond_b, kennysheep_decorative_pillar
D:4:      nemelex_xobeh_ov_fountains_minmay, lemuel_blue_sif_altar,
          nicolae_overflow_hidden_temple, first_ration
D:5:      nicolae_overflow_crystal_walls, basic_altar, serial_glass,
          glass_columns_a, glass_columns_a, glass_columns_a, glass_columns_c
D:6:      grunt_temple_overflow_open, minmay_temple_entry_hall,
          nicolae_dithmenos_through_a_glass_darkly
D:7:      serial_shops, shop, serial_bayou_pond_e
D:8:      nicolae_tso_swordbearing_angel, gammafunk_ghost_necromancy,
          uniq_harold, uniq_grum, uniq_joseph, uniq_pikel
D:9:      lemuel_crystal_altar, david_lair_generic
D:10:     zombieorc2_lemuel, serial_shops, nicolae_shop_statue_plus,
          nicolae_shop_behind_doors, kennysheep_mini_moat
D:11:     ebering_ghost_gozag, hangedman_pestilent_swarm
Temple:   dshaligram_water_room_temple

Skill      XL: |  1  2  3  4  5  6  7  8  9 10 11 12 |
---------------+-------------------------------------+-----
Dodging        | 3 5 |  5.1
Ice Magic      | 4 6 8 10 13 14 16 | 16.7
Polearms       | 2 3 |  3.0
Shields        | 1 3 4 |  4.0
Conjurations   | 2 |  2.0
Charms         | 2 |  2.0
Fighting       | 4 5 |  5.0
Spellcasting   | 4 5 6 |  6.0
Stealth        | |  2.1

Action                   |  1- 3 |  4- 6 |  7- 9 | 10-12 || total
-------------------------+-------+-------+-------+-------++-------
Melee: Unarmed           |     4 |       |       |       ||     4
       Dagger            |    37 |    46 |    51 |       ||   134
       Tailslap          |     1 |       |       |     5 ||     6
       Scythe            |       |    30 |       |       ||    30
       Hand axe          |       |       |   208 |   369 ||   577
       Spear             |       |       |    15 |       ||    15
Throw: Stone             |       |     1 |     8 |       ||     9
 Cast: Freeze            |    45 |    34 |   163 |   108 ||   350
       Ozocubu's Armour  |     1 |     1 |     4 |       ||     6
       Throw Icicle      |       |       |    19 |   135 ||   154
       Summon Ice Beast  |       |       |       |    13 ||    13
Invok: Curse Item        |       |       |     1 |       ||     1
       Scrying           |       |       |       |     1 ||     1
  Use: Scroll            |       |     5 |     9 |       ||    14
       Potion            |       |       |     3 |     2 ||     5
 Stab: Sleeping          |       |     3 |     4 |     6 ||    13
       Distracted        |       |       |     1 |       ||     1
  Eat: Chunk             |     2 |     3 |    20 |    25 ||    50
       Ration            |     1 |     1 |     2 |     8 ||    12
Armor: Robe              |     6 |       |       |       ||     6
       Steam dragon scal |    10 |    31 |   135 |   180 ||   356
Dodge: Dodged            |    60 |    68 |   306 |   405 ||   839
Block: Buckler           |       |     7 |   109 |   138 ||   254

Table legend:
 A = Non-vault XP
 B = Vault XP
 C = Vault XP percentage of total XP
 D = Non-vault monster count
 E = Vault monster count
 F = Vault count percentage of total count
                 A         B        C        D         E       F
            +---------+---------+-------+---------+---------+-------
      Total |   12861 |    6506 |  33.6 |     224 |      81 |  26.6
            +---------+---------+-------+---------+---------+-------
        D:1 |      32 |       3 |   8.6 |      20 |       2 |   9.1
        D:2 |      19 |     238 |  92.6 |       5 |       1 |  16.7
        D:3 |     161 |      24 |  13.0 |      18 |       6 |  25.0
        D:4 |     365 |       0 |   0.0 |      22 |       0 |   0.0
        D:5 |     429 |       0 |   0.0 |      16 |       0 |   0.0
        D:6 |     930 |       0 |   0.0 |      35 |       0 |   0.0
        D:7 |     803 |     571 |  41.6 |      13 |       1 |   7.1
        D:8 |     698 |    1768 |  71.7 |      17 |       5 |  22.7
        D:9 |    1112 |    2272 |  67.1 |      15 |      29 |  65.9
       D:10 |    4331 |     773 |  15.1 |      25 |      33 |  56.9
       D:11 |    3929 |     857 |  17.9 |      37 |       4 |   9.8
     Temple |      52 |       0 |   0.0 |       1 |       0 |   0.0
            +---------+---------+-------+---------+---------+-------
